 Dungeon Crawl Stone Soup version 0.28.0-53-g5a82cb258f (webtiles) character file.

Game seed: 7733858118130211127

387 Lennethare the Changer (level 6, -3/38 HPs)
             Began as an Octopode Transmuter on June 17, 2022.
             Killed from afar by an orc wizard (11 damage)
             ... with a puff of flame
             ... on level 5 of the Dungeon.
             The game lasted 00:09:55 (6249 turns).

Lennethare the Changer (Octopode Transmuter)        Turns: 6249, Time: 00:09:56

Health: -3/38      AC:  2    Str:  9    XL:     6   Next: 78%
Magic:  7/9        EV: 19    Int: 18    God:
Gold:   199        SH:  0    Dex: 17    Spells: 1/9 levels left

rFire   . . .      SeeInvis .     - Unarmed
rCold   . . .      Faith    .   (shield currently unavailable)
rNeg    . . .      Spirit   .   (helmet currently unavailable)
rPois   x          Reflect  .   (no amulet)
rElec   .          Harm     .   (no ring)
rCorr   .          Rampage  .   (no ring)
Will    .....                   (no ring)
Stlth   ++........              (no ring)
HPRegen 0.12/turn               (no ring)
MPRegen 0.11/turn               (no ring)
                                (no ring)
                                (no ring)

@: spider-form
A: venomous fangs, almost no armour, (amphibious), 8 rings, tiny, (camouflage
1), (gelatinous body 1), (nimble swimmer 1), (tentacles)
a: End Transformation


You were on level 5 of the Dungeon.
You were a venomous arachnid creature.
You visited 1 branch of the dungeon, and saw 5 of its levels.

You collected 199 gold pieces.

Inventory:

Missiles
 a - 111 stones
Armour
 k - a +0 kite shield
Wands
 o - a wand of paralysis (10)
Scrolls
 c - a scroll of amnesia {unknown}
 e - a scroll of brand weapon {unknown}
 f - 3 scrolls of identify {unknown}
 g - a scroll of acquirement {unknown}
 j - a scroll of teleportation {unknown}
 l - a scroll of magic mapping {unknown}
 q - 2 scrolls of immolation {unknown}
Potions
 b - a potion of attraction {unknown}
 d - a potion of berserk rage
 h - a potion of brilliance {unknown}
 i - a potion of lignification {unknown}
 m - a potion of ambrosia {unknown}
 n - a potion of cancellation {unknown}
 p - 3 potions of heal wounds {unknown}
 r - a potion of curing {unknown}


   Skills:
 - Level 1.0 Fighting
 - Level 2.0 Dodging
 - Level 3.0 Unarmed Combat
 - Level 2.0 Spellcasting
 * Level 5.8 Transmutations
 + Level 2.2 Ice Magic
 - Level 3.1 Poison Magic


You had one spell level left.
You knew the following spells:

 Your Spells              Type           Power      Damage    Failure   Level
a - Beastly Appendage     Tmut           44%        N/A       7%          1
b - Spider Form           Tmut/Pois      17%        N/A       22%         3
c - Ice Form              Ice/Tmut       16%        N/A       56%         4

Your spell library contained the following spells:

 Spells                   Type           Power      Damage    Failure   Level
 Apportation              Tloc           2%         N/A       38%         1
 Slow                     Hex            4%         N/A       38%         1
 Wereblood                Tmut           22%        N/A       10%         2
 Poisonous Vapours        Pois/Air       14%        N/A       32%         2
 Blink                    Tloc           2%         N/A       47%         2
 Corpse Rot               Necr/Air       2%         N/A       47%         2
 Call Canine Familiar     Summ           1%         N/A       69%         3
 Confusing Touch          Hex            1%         N/A       69%         3
 Lesser Beckoning         Tloc           1%         N/A       69%         3
 Portal Projectile        Hex/Tloc       2%         N/A       69%         3
 Vampiric Draining        Necr           1%         2d6       69%         3
 Alistair's Intoxication  Tmut/Pois      11%        N/A       82%         5
 Yara's Violent Unravell  Hex/Tmut       6%         3d5       94%         5
 Leda's Liquefaction      Hex/Erth       0%         N/A       96%         4
 Manifold Assault         Tloc           1%         N/A       100%        5
 Enfeeble                 Hex            0%         N/A       100%        7


Dungeon Overview and Level Annotations

Branches:
Dungeon (5/15)
 Temple: D:4-7

Altars:


Innate Abilities, Weirdness & Mutations

You are a venomous arachnid creature.
You have poisonous fangs.
You are tiny and dextrous.
Your spellcasting is less reliable in this form.
Your armour is entirely melded.
You are incapable of wielding weapons or throwing items.
You cannot wear most types of armour.
((You are amphibious.))
You can wear up to eight rings at the same time.
((Your skin changes colour to match your surroundings (Stealth+).))
((Your rubbery body absorbs attacks. (AC +1, EV +1)))
((You are camouflaged when in or above water. (Stealth+)))
((You have tentacles for arms and can constrict up to eight enemies at once.))


Message History

Found a stone staircase leading up.
Found a stone staircase leading up.
Found 9 arrows.
You pick up a book of Vapours and begin reading...
You add the spells Poisonous Vapours and Corpse Rot to your library.
You see here 9 arrows.
Found an escape hatch in the floor.
q - 2 scrolls labelled BOMA OBULULAPU (gained 1)
There is an escape hatch in the floor here.
There is an escape hatch in the floor here.
There is an escape hatch in the ceiling here.
r - a bubbling clear potion An orc and an orc wizard come into view.
There are monsters nearby!
Casting: Spider Form (dangerous; 9% risk of failure)
Confirm with . or Enter, or press ? or * to list all spells.
You turn into a venomous arachnid creature.
An orc wizard and an orc come into view.
You hit the orc wizard.
The orc wizard is poisoned.
The orc wizard is lightly wounded.
The orc shouts!
The orc wizard completely misses you. The orc hits you with a +0 mace.
You barely miss the orc wizard.
The orc wizard is lightly wounded.
The orc wizard gestures at you while chanting.
The puff of flame hits you! The orc misses you.
You closely miss the orc wizard.
The orc wizard hits you with a +0 dagger.
The orc misses you.
The orc wizard points at you and mumbles some strange words.
The magic dart hits you!
You barely miss the orc wizard. The orc wizard completely misses you.
The orc completely misses you.
The orc wizard gestures at you while chanting.
The magic dart hits you.
* * * LOW HITPOINT WARNING * * *
The orc misses you.
The orc wizard points at you and mumbles some strange words.
The puff of flame hits you!
You die...

######.###
....#...## #.......#
#.......# #...o...#
#.o.##.## #.oo## #
##...## #....s#
#....## #..### #..##
#...# #...#
############.######
#......##...##..#.##
...)....>..##...#..#


You could see 2 orc wizards and an orc.

Vanquished Creatures
  A howler monkey (D:3)
  2 gnoll shamans
  2 orc priests (D:4)
  A bullfrog skeleton (D:4)
  An orc wizard (D:3)
  A hound zombie (D:5)
  6 gnolls (D:4)
  An adder (D:3)
  An adder skeleton (D:4)
  4 dart slugs
  7 orcs
  4 endoplasms
  4 giant cockroaches
  7 goblins
  10 hobgoblins
  4 jackals (D:2)
  2 quokkas
  4 ball pythons
  8 bats
  3 frilled lizards
  8 kobolds
  6 rats
87 creatures vanquished.

Notes
Turn   | Place    | Note
-------+----------+-------------------------------------------
     0 | D:1      | Lennethare the Octopode Transmuter began the quest for the
                  | Orb.
     0 | D:1      | Reached XP level 1. HP: 13/13 MP: 3/3
   284 | D:1      | Reached XP level 2. HP: 8/18 MP: 5/5
   740 | D:1      | Reached skill level 3 in Transmutations
   745 | D:1      | Found a faded altar of an unknown god.
  1137 | D:1      | Reached XP level 3. HP: 23/23 MP: 4/6
  1141 | D:1      | Learned a level 3 spell: Spider Form
  1654 | D:2      | Reached skill level 1 in Poison Magic
  2989 | D:3      | Reached XP level 4. HP: 28/28 MP: 7/7
  4067 | D:3      | Reached skill level 4 in Transmutations
  4067 | D:3      | Reached XP level 5. HP: 30/33 MP: 6/8
  4072 | D:3      | Learned a level 4 spell: Ice Form
  4690 | D:4      | Reached skill level 1 in Ice Magic
  4694 | D:4      | HP: 1/33 [orc priest/+0 mace (4)]
  4697 | D:4      | Reached skill level 5 in Transmutations
  4697 | D:4      | Reached XP level 6. HP: 1/38 MP: 6/9
  5890 | D:4      | Noticed a black bear
  5893 | D:5      | Entered Level 5 of the Dungeon
  6249 | D:5      | Killed from afar by an orc wizard

Illustrated notes

Levels and vault maps discovered:
D:1:      denvon_arrival_waterhouse, layout_loops_ring,
          shapermc_ecumenical_altar_totnotflames
D:2:      layout_basic
D:3:      layout_basic
D:4:      layout_loops_ring, nicolae_concentric_dashed_squares_wild,
          hangedman_decor_riveting
D:5:      layout_cave_pools, minmay_temple_entry_nine_rooms

Skill      XL: |  1  2  3  4  5  6 |
---------------+-------------------+-----
Transmutations | 3 4 5 |  5.8
Poison Magic   | 2 3 |  3.1
Ice Magic      | 1 2 |  2.2
Fighting       | |  1.0
Dodging        | |  2.0
Unarmed Combat | |  3.0
Spellcasting   | |  2.0

Action                   |  1- 3 |  4- 6 || total
-------------------------+-------+-------++-------
Melee: Unarmed           |   102 |   121 ||   223
       Tentacles         |    19 |    13 ||    32
       Constrict         |    23 |    17 ||    40
       Kick              |    19 |    12 ||    31
       Punch             |     1 |     3 ||     4
 Cast: Beastly Appendage |    24 |    15 ||    39
       Spider Form       |       |    12 ||    12
 Stab: Sleeping          |     8 |     7 ||    15
Armor: Skin              |     7 |     5 ||    12
Dodge: Dodged            |    60 |    78 ||   138
Block: Kite shield       |       |     1 ||     1
